[Event "15th Paleochora Open 2022"]
[Site "Paleochora"]
[Date "2022.07.18"]
[Round "2.10"]
[White "Rahmanidis, Petros"]
[Black "Grigorov, Grigor"]
[Result "0-1"]
[ECO "B10"]
[WhiteElo "2191"]
[BlackElo "2511"]
[Annotator "TA"]
[PlyCount "106"]
[EventDate "2022.07.17"]
[EventType "swiss"]
[EventCountry "GRE"]
[SourceTitle "playchess.com"]
[Source "ChessBase"]
[SourceQuality "1"]
[TimeControl "40/5400+30:900+30"]

1. e4 c6 2. Nf3 d5 3. d3 g6 4. e5 Bg7 5. d4 f6 6. exf6 {[%emt 0:00:31] B10: Caro-Kann: 2 d3 and 2 c4.} Nxf6 7. Be2 O-O 8. O-O {[%emt 0:00:21] [#] The position is equal.} Ne4 $146 ({Predecessor:} 8... Bg4 9. Nbd2 Qd6 10. Ne5 Bxe2 11. Qxe2 Nbd7 12. f4 c5 13. c3 cxd4 14. cxd4 Rac8 {½-½ (49) Sjugirov,S (2680)-Grandelius,N (2672) Chess.com INT 2022}) 9. Nbd2 Bf5 10. Nxe4 Bxe4 11. Be3 Bxf3 12. Bxf3 Nd7 13. Be2 e5 14. c4 c5 15. dxe5 (15. dxc5 d4 16. Bd2 e4 $15) 15... d4 16. Bd2 (16. e6 dxe3 17. exd7 exf2+ 18. Kh1 (18. Rxf2 $2 Rxf2 19. Kxf2 Bd4+ 20. Kf1 Qxd7 $19) 18... Bd4 $17) 16... Nxe5 17. Re1 d3 18. Bf1 Qh4 {[%emt 0:04:36] Inhibits Re4.} 19. g3 (19. f3 $17) 19... Qxc4 (19... Qd4 $19 20. Bf4 Rxf4 21. gxf4 Qxf4) 20. f4 $17 Nc6 21. Rc1 Qd5 $36 {[%emt 0:06:41][%mdl 2048] Black has strong initiative.} (21... Qxa2 22. Bxd3 Kh8 23. Bc3 $15) 22. Be3 {[%emt 0:05:44][%csl LRc5,LRd3] [#]} Rad8 $1 {[%emt 0:06:15] 0x0.00200b16731bdp-1022s more active pieces.} (22... Qxa2 23. Qxd3 b6 24. Qd7 $16) ({Resist} 22... Bxb2 23. Rxc5 Qxa2 24. Qxd3 $16 (24. Bxd3 Kh8 $14)) 23. Rxc5 {[%emt 0:03:54] [#]} Qxa2 (23... Qd6 $1 $17 {...d2 is the strong threat.} 24. Qb3+ Rf7) 24. Bxd3 $11 Qxb2 25. Qa4 {[%emt 0:02:08] Black must now prevent Rb1.} Bd4 (25... Kh8 $5 26. Rb1 Qf6 27. Rxb7 Rxd3 28. Rxc6 Qd8 $11) 26. Qc4+ (26. Bxd4 $11 Qxd4+ 27. Qxd4 Rxd4 28. Be4) 26... Kh8 27. Rb5 (27. Re2 $17 {was worth a try.} Qa1+ 28. Qc1) 27... Qd2 (27... Bxe3+ $19 {has better winning chances.} 28. Rxe3 Qd2) 28. Qxd4+ $17 Nxd4 {[%emt 0:01:19] Chess con chili.} 29. Bxd2 {[%emt 0:00:03] This bishop pair is nice.} Nxb5 {[%emt 0:00:12][%mdl 64] Pin} 30. Bb4 {[%emt 0:00:50] [#]} Rxd3 31. Bxf8 {[%emt 0:00:03][%mdl 4096] Endgame KRB-KRN} Kg8 32. Bc5 b6 33. Bf2 Kf7 {[%emt 0:00:12] Against Re7+} 34. Kg2 Nc3 35. Ra1 Rd7 36. Kf3 Ke6 37. g4 Rd3+ 38. Kg2 Ne4 39. Bg1 Rd7 40. Kf3 (40. Re1 $17 {is a better defense.} Kd5 41. Rd1+ Kc6 42. Rc1+ Nc5 43. Bxc5 bxc5 44. Kf3) 40... Nd2+ $19 41. Kg2 Nc4 42. Rb1 (42. Kf3 $142) 42... Rb7 43. Kf2 b5 44. Ke2 a5 45. Kd3 Kd5 {[%emt 0:01:40] aiming for ...b4.} 46. Bd4 b4 47. Rc1 Rc7 {[%emt 0:00:09][%cal Oc4e5] Threatens to win with ...Ne5+!} 48. Rb1 $2 {[%emt 0:01:15] [#]} (48. Re1) 48... Nd2 $1 49. Rb2 (49. Rd1 Nb3) 49... Ne4 {[%emt 0:01:46] And now ...Rc4 would win. Black is clearly winning.} 50. Be5 Rc4 51. Ra2 a4 {[%emt 0:00:11] Strongly threatening ...b3.} 52. Ke3 b3 53. Ra1 Nc3 {[%emt 0:00:34] Weighted Error Value: White=0.50/Black=0.10 (very precise)} 0-1

[Event "15th Paleochora Open 2022"]
[Site "Paleochora"]
[Date "2022.07.18"]
[Round "2.11"]
[White "Rucek, Kristian"]
[Black "Yankelevich, Lev"]
[Result "0-1"]
[ECO "E15"]
[WhiteElo "2186"]
[BlackElo "2496"]
[Annotator "TA"]
[PlyCount "96"]
[EventDate "2022.07.17"]
[EventType "swiss"]
[EventCountry "GRE"]
[SourceTitle "playchess.com"]
[Source "ChessBase"]
[SourceQuality "1"]
[TimeControl "40/5400+30:900+30"]

1. d4 Nf6 2. c4 e6 3. Nf3 b6 4. g3 Ba6 5. b3 d5 6. Bg2 Bb4+ 7. Bd2 Be7 8. cxd5 exd5 9. O-O O-O 10. Nc3 Re8 11. Re1 {[%emt 0:10:18] Recently 11.Rc1 got a lot of attention. E15: Queen's Indian: 4 g3 sidelines, 4 g3 Ba6 and 4 g3 Bb7 early deviations.} Nbd7 12. Rc1 Bb7 13. Ne5 {[%emt 0:16:12] The position is equal.} Ba3 {[%emt 0:00:42][%csl LRc1,LRe5] [#]} 14. Nxd7 $146 (14. Rc2 $5 ) ({Predecessor:} 14. Rc2 Ne4 15. Nd3 c6 16. b4 a5 17. b5 c5 18. dxc5 Ndxc5 19. Nxe4 dxe4 20. Nb2 {1-0 (31) Rivera de Leon,J (2110)-Owens,J (2173) ICCF email 2017}) 14... Qxd7 15. Rc2 a5 16. Bf4 Rac8 17. Qd3 Ne4 18. Nb1 Bb4 19. Rec1 c6 20. Nd2 c5 21. Nf3 f6 22. dxc5 Nxc5 (22... bxc5 $15 23. Nd2 f5) 23. Qd4 Ba3 $36 {[%emt 0:00:23][%mdl 2048] Inhibits Qb2. White must now prevent ...Ne6. Black has some pressure.} 24. Rd1 Ne6 {[%emt 0:09:41][%csl LRc2,LRd4] Black continues to play with concentration.} 25. Qd2 {[%emt 0:01:34] [#]} ({Better is} 25. Qd3) 25... Bb4 $1 $17 26. Qc1 Nxf4 27. gxf4 Rxe2 $1 {[%emt 0:02:36] Black is more active.} 28. Rxc8+ Qxc8 29. Qxc8+ Bxc8 30. Nd4 Rxa2 31. Bxd5+ Kf8 32. Kg2 (32. Ne6+ $142 Ke7 33. f5) 32... Rd2 $19 33. Rxd2 Bxd2 {[%emt 0:00:03][%mdl 4096] Endgame KBB-KBN} 34. f5 g6 35. Be4 g5 36. Bd5 Ke7 37. Bg8 Bb7+ 38. f3 h6 39. Kf2 Bc3 40. Nb5 Be5 41. h3 Bc8 {[%emt 0:00:12] Inhibits Be6.} 42. Bh7 Bb2 {[%emt 0:02:56] Against Na3. aiming for ...Bd7.} 43. Ke3 Bd7 44. Nd4 Bxd4+ 45. Kxd4 Bc6 46. f4 gxf4 {[%emt 0:00:04] [#] ( -> ...Kd6)} 47. Bg8 Kd6 48. Bc4 b5 {[%emt 0:00:03] Weighted Error Value: White=0.54/Black=0.02 (flawless)} 0-1

[Event "15th Paleochora Open 2022"]
[Site "Paleochora"]
[Date "2022.07.18"]
[Round "2.12"]
[White "Hamitevici, Vladimir"]
[Black "Kalogridakis, Theodoros"]
[Result "1-0"]
[ECO "B23"]
[WhiteElo "2473"]
[BlackElo "2175"]
[Annotator "TA"]
[PlyCount "79"]
[EventDate "2022.07.17"]
[EventType "swiss"]
[EventCountry "GRE"]
[SourceTitle "playchess.com"]
[Source "ChessBase"]
[SourceQuality "1"]
[TimeControl "40/5400+30:900+30"]

1. e4 c5 2. Nc3 d6 3. d4 cxd4 4. Qxd4 Nc6 5. Qd2 Nf6 6. b3 {[%emt 0:01:09] B23: Closed Sicilian: Lines without g3.} e6 7. Bb2 d5 {[%emt 0:01:06] is now debated instead of 7...Be7.} 8. exd5 {[%emt 0:01:15] [#] The position is equal.} Nxd5 $146 (8... exd5 $11 9. O-O-O Be6) ({Predecessor:} 8... exd5 9. O-O-O Be6 10. a3 Qa5 11. b4 Qb6 12. Nf3 Bd6 13. Bd3 a5 14. b5 Ne7 {1-0 (27) Tabatabaei,M (2650)-Donchenko,A (2599) Jermuk 2022}) 9. Nxd5 $14 Qxd5 10. Qxd5 exd5 11. O-O-O Be6 12. Ne2 Bc5 13. Bxg7 Rg8 14. Bd4 Nxd4 15. Nxd4 Rg4 16. c3 Ba3+ ({Black should try} 16... Rc8 17. f3 Rf4) 17. Kb1 {[%emt 0:06:06] [#] Nb5 is the strong threat.} Rc8 (17... Bc5 $16 18. f3 Rg8) 18. Nb5 (18. g3 $18) 18... Bc5 $16 19. Kb2 a6 20. Nd4 Bxd4 21. cxd4 Bf5 {[%emt 0:00:07] [#]} 22. Rd2 {[%emt 0:00:16] Prevents Rc2+.} Rg6 23. Be2 Rgc6 24. Bd1 {[%emt 0:00:26] Inhibits Rc2+.} Rc1 (24... Ke7 $16 {might work better.}) 25. Re1+ $18 Kd7 (25... Kf8 $142) 26. Re5 Rb1+ 27. Ka3 Be6 28. Bc2 Rg1 29. f4 {[%emt 0:00:37] Hoping for f5.} ({Not} 29. Bxh7 Rxg2 30. Bf5 Kd6 $11) 29... Kd6 30. Rh5 ({But not} 30. Bxh7 $6 Rh8) 30... a5 31. Rxh7 ({Don't do} 31. Bxh7 $6 Rh8 32. h3 b5 $16) 31... b5 (31... Rg8 {is a better defense.} 32. g3 Rf8) 32. Bd3 b4+ (32... Bd7 $142 33. Rxf7 Rh8) 33. Ka4 {[%emt 0:03:50] White is clearly winning.} Rb8 34. Kxa5 Rc1 35. Bb5 Rc7 36. Kxb4 Bd7 37. a4 Bxb5 38. axb5 Rcb7 39. Rh6+ Kd7 40. b6 {[%emt 0:00:00] Weighted Error Value: White=0.11 (very precise) /Black=0.27 (precise)} 1-0

[Event "15th Paleochora Open 2022"]
[Site "Paleochora"]
[Date "2022.07.18"]
[Round "2.13"]
[White "Sidiropoulos, Nikolaos"]
[Black "Leniart, Arkadiusz"]
[Result "0-1"]
[ECO "E24"]
[WhiteElo "2228"]
[BlackElo "2473"]
[Annotator "TA"]
[PlyCount "88"]
[EventDate "2022.07.17"]
[EventType "swiss"]
[EventCountry "GRE"]
[SourceTitle "playchess.com"]
[Source "ChessBase"]
[SourceQuality "1"]
[TimeControl "40/5400+30:900+30"]

1. d4 Nf6 2. c4 e6 3. Nc3 Bb4 4. a3 Bxc3+ 5. bxc3 c5 6. Qc2 Nc6 7. Nf3 d6 8. e4 e5 {[%emt 0:01:28][%cal Re5d4] E24: Nimzo-Indian: Sämisch: Unusual Black 5th moves and 5...c5 sidelines.} 9. d5 Ne7 10. Bg5 Ng6 {[%emt 0:02:55] The position is equal.} 11. Nh4 h6 12. Nxg6 fxg6 {[%emt 0:00:06] [#]} 13. Be3 $146 ({Predecessor:} 13. Bc1 O-O 14. Be2 Bd7 15. a4 g5 16. O-O g4 17. a5 b6 18. axb6 Qxb6 19. Be3 {0-1 (61) Greig,S (2164)-St Pierre,B (2280) ICCF email 2014}) 13... O-O 14. Be2 g5 15. f3 (15. O-O $11) 15... g4 $15 16. O-O gxf3 17. Bxf3 Qe8 18. Bf2 g5 19. Be3 Qg6 20. Rf2 Bd7 21. Raf1 Kg7 22. Bd2 Rf7 23. g3 {[%emt 0:01:20] Loses the game.} ({White should play} 23. h3 $15) 23... Bh3 $19 {[%emt 0:05:00] And now ...Raf8 would win.} 24. Bg2 (24. Re1 {was called for.}) 24... Bxg2 25. Kxg2 Raf8 26. Rf5 {[%emt 0:00:55] [#]} Nxe4 $1 27. Rxf7+ Rxf7 28. Rxf7+ Kxf7 {[%emt 0:00:06][%mdl 4096] Endgame KQB-KQN} 29. Be1 Nf6 30. Qb3 (30. Qe2 $19) 30... Qe4+ 31. Kf1 Qf3+ (31... Ng4 $142 {( -> ...Qf3+)} 32. h3 Nh2+ 33. Kf2 Qf3+ 34. Kg1 Qe2 35. Bf2 Nf3+ 36. Kg2 Nd2 37. Qxb7+ Kf6 38. Qb1 Nxb1 39. Kg1 Nd2 40. g4 Qf1+ 41. Kh2 Qxf2+ 42. Kh1 Nf3 43. a4 Qh2#) 32. Kg1 b6 33. Qa4 e4 34. Qxa7+ Kg6 35. Qe7 e3 36. g4 e2 (36... Qxg4+ $142 37. Kf1 Qf3+ 38. Kg1 Qe2 39. Bg3 Qd1+ 40. Kg2 e2 41. Bf2 g4 42. Qe3 Qf1+ 43. Kg3 Qh3+ 44. Kf4 Qxh2+ 45. Bg3 Nh5+ 46. Kxg4 Qxg3+ 47. Qxg3 Nxg3 48. Kxg3 e1=Q+ 49. Kg2 h5 50. Kf3 h4 51. Kf4 Qg3+ 52. Ke4 h3 53. a4 h2 54. a5 h1=Q#) 37. Bf2 Qxg4+ 38. Bg3 h5 39. Kf2 h4 40. Bxd6 Ne4+ {[%emt 0:00:00] Black mates.} 41. Ke1 {[%emt 0:00:14] [#]} Qg1+ $1 42. Kxe2 Qf2+ 43. Kd3 Qd2+ 44. Kxe4 Qe2# {[%emt 0:00:03] Weighted Error Value: White=1.11/Black=0.36} 0-1

[Event "15th Paleochora Open 2022"]
[Site "Paleochora"]
[Date "2022.07.18"]
[Round "2.14"]
[White "Nevednichy, Vladislav"]
[Black "Monpeurt, Cyrielle"]
[Result "1-0"]
[ECO "C50"]
[WhiteElo "2473"]
[BlackElo "2159"]
[Annotator "TA"]
[PlyCount "115"]
[EventDate "2022.07.17"]
[EventType "swiss"]
[EventCountry "GRE"]
[SourceTitle "playchess.com"]
[Source "ChessBase"]
[SourceQuality "1"]
[TimeControl "40/5400+30:900+30"]

1. e4 e5 2. Nf3 Nc6 3. Bc4 Bc5 4. d3 Nf6 5. O-O O-O 6. Bg5 h6 7. Bh4 Be7 {[%emt 0:00:05] C50: Hungarian Defence and Giuoco Pianissimo.} 8. Bg3 d6 9. a4 Na5 {[%emt 0:05:47] The position is equal.} 10. Ba2 c5 {[%emt 0:00:09] [#]} 11. Nbd2 $146 ({Predecessor:} 11. h3 Nc6 12. c3 Be6 13. Bxe6 fxe6 14. Na3 Qe8 15. Rb1 Nh5 16. Bh2 Nf4 17. Bxf4 Rxf4 {½-½ (61) Duda,J (2753)-So,W (2770) chess24.com INT 2020}) 11... Re8 12. c3 Bf8 13. Re1 Nc6 14. h3 Be6 15. Bc4 g6 16. Bh4 Bg7 17. Rb1 Qd7 (17... d5 $5 18. Bb5 Qc7 $11) 18. Bxf6 Bxf6 19. b4 cxb4 20. cxb4 Rac8 21. a5 Bg7 22. Qa4 d5 23. exd5 Bxd5 24. Ne4 (24. b5 $5 Bxf3 25. Nxf3 $11) 24... Red8 25. b5 {[%emt 0:12:02] [#] Hoping for Bxd5.} Ne7 26. a6 b6 27. Qb3 Kh8 28. Ned2 {[%emt 0:03:13] Pair of Knights!} Qf5 29. Re3 g5 30. Rbe1 f6 31. d4 Bxc4 $1 32. Nxc4 Nd5 $2 (32... Qe6 $1 $11 33. Nb2 Qxb3 34. Rxb3 Ng6) 33. Re4 $18 Nf4 34. Ncd2 $2 (34. dxe5 $18 Rd3 35. Nd4) 34... g4 35. hxg4 ({Worse is} 35. Nh4 Qg5 36. Qg3 f5 37. Nxf5 Qxf5 $17) 35... Qxg4 {[%emt 0:00:06][%csl Gf4][%cal Rg4g2] [#]} 36. Rxf4 ({Better is} 36. g3 $14) 36... Qxf4 (36... exf4 $15 37. Qf7 Rd7 38. Re8+ Rxe8 39. Qxe8+ Kh7 40. Qe4+ Qg6 41. Qxf4 f5) 37. Qf7 $1 $11 Rc2 $2 (37... e4 $11 {and Black is okay.} 38. Nxe4 Re8) 38. g3 $18 Qg4 39. Qxa7 Rdc8 $2 (39... Qe6 $16) 40. Qb7 ({Less strong is} 40. dxe5 fxe5 41. Qxb6 e4 42. Rxe4 Qd7 $18) 40... R2c7 $2 (40... Qe6 {was worth a try.} 41. dxe5 R2c7 42. exf6 Qxe1+ 43. Nxe1 Rxb7) 41. Qxb6 Rc1 (41... Qd7 $142 42. Qa5 Qd5) 42. a7 e4 43. Rxc1 Rxc1+ 44. Kh2 (44. Kg2 $142 exf3+ 45. Nxf3) 44... Rc8 (44... Ra1 $142 45. Qb7 exf3 46. a8=Q+ Rxa8 47. Qxa8+ Kh7) 45. Nh4 e3 46. fxe3 Qe2+ 47. Ng2 Qh5+ 48. Nh4 (48. Kg1 $142 Rc1+ 49. Kf2) 48... Qe2+ 49. Kh3 f5 50. Qb8 Qg4+ 51. Kh2 Qe2+ 52. Ng2 Qh5+ 53. Kg1 Qe8 54. Qb7 Rc1+ 55. Nf1 Ra1 56. Qb8 Qf8 57. b6 f4 58. Nxf4 {[%emt 0:00:13] Weighted Error Value: White=0.44/Black=0.64} 1-0

[Event "15th Paleochora Open 2022"]
[Site "Paleochora"]
[Date "2022.07.18"]
[Round "2.15"]
[White "Spyropoulos, Nikolaos"]
[Black "Schmit, Vincent"]
[Result "1-0"]
[ECO "E54"]
[WhiteElo "2446"]
[BlackElo "2146"]
[Annotator "TA"]
[PlyCount "39"]
[EventDate "2022.07.17"]
[EventType "swiss"]
[EventCountry "GRE"]
[SourceTitle "playchess.com"]
[Source "ChessBase"]
[SourceQuality "1"]
[TimeControl "40/5400+30:900+30"]

1. d4 Nf6 2. Nf3 d5 3. c4 e6 4. e3 a6 5. Nc3 dxc4 6. a4 c5 7. Bxc4 cxd4 8. exd4 b6 9. O-O Bb7 10. Bg5 Be7 11. Qe2 O-O 12. Rad1 {[%emt 0:10:12][%cal Od4d5] [#] E54: Nimzo-Indian: Rubinstein: Main Line: 7...dxc4 8 Bxc4.} Re8 $146 ({Predecessor:} 12... Nbd7 13. Rfe1 h6 14. Bh4 Re8 15. Ne5 Nxe5 16. dxe5 Nd5 17. Bxd5 Bxd5 18. Bxe7 Rxe7 19. Nxd5 exd5 {½-½ (40) Pelletier,Y (2555)-Moroni,L (2584) Corte 2022}) 13. Bxf6 (13. Ne5 $14 Nd5 {[#]} 14. Qh5 $1) 13... Bxf6 $11 14. Ne4 {[%emt 0:00:09][%cal Od4d5] The position is equal.} Be7 (14... Nc6 $11) 15. Ne5 $14 {[%emt 0:02:01][%cal Oe5f7] Nxf7! is the strong threat.} Nc6 $2 {[%emt 0:05:52][%mdl 8192] [#] This move loses the game for Black.} ({Black should try} 15... Rf8 $14) 16. Nxf7 $1 $18 {[%emt 0:06:34][%mdl 512] White is clearly winning.} Kxf7 {[%emt 0:00:03] [#]} (16... Qd7 17. d5) 17. Bxe6+ $1 Kxe6 18. d5+ Kf7 19. dxc6 {[%emt 0:00:05][%mdl 64] Discovered Attack} Bxc6 (19... Qc7 $142) 20. Qc4+ {[%emt 0:01:00] Weighted Error Value: White=0.59/Black=1.54} 1-0

[Event "15th Paleochora Open 2022"]
[Site "Paleochora"]
[Date "2022.07.18"]
[Round "2.16"]
[White "Marinakis, Hristos"]
[Black "Barbot, Pierre"]
[Result "0-1"]
[ECO "C41"]
[WhiteElo "2161"]
[BlackElo "2438"]
[Annotator "TA"]
[PlyCount "105"]
[EventDate "2022.07.17"]
[EventType "swiss"]
[EventCountry "GRE"]
[SourceTitle "playchess.com"]
[Source "ChessBase"]
[SourceQuality "1"]
[TimeControl "40/5400+30:900+30"]

1. e4 d6 2. d4 Nf6 3. Nc3 e5 4. Nf3 Nbd7 5. Bc4 Be7 6. O-O O-O 7. Re1 c6 8. a4 exd4 {[%emt 0:00:05] 8...h6 is becoming the main line. C41: Philidor Defence.} 9. Nxd4 Nb6 10. Ba2 a5 {[%emt 0:00:12] White is slightly better.} 11. h3 Nfd7 12. Nf5 Nc5 13. Nxe7+ Qxe7 14. Qd4 {[%emt 0:10:59] [#] Black must now prevent Bf4.} Be6 $146 ({Predecessor:} 14... Qe5 15. Qxe5 dxe5 16. Be3 Nbxa4 17. Nxa4 Nxa4 18. Bb3 b5 19. Bxa4 bxa4 20. Rxa4 f5 21. exf5 Bxf5 {½-½ (53) Albaric,E (2258)-Msellek,I (2261) Nancy 2020}) 15. Bf4 Rad8 16. Rad1 Bxa2 17. Nxa2 Nc8 18. Bg3 Rfe8 19. Nc3 {[%emt 0:03:14] Inhibits d5.} h5 20. f4 Na6 21. Qf2 Nb4 22. Bh4 f6 23. e5 ({White should try} 23. Rc1 $16) 23... dxe5 $14 24. Rxd8 Qxd8 25. Rxe5 {[%emt 0:06:01][%mdl 64] [#] Pin} Nd6 26. Qe2 (26. Rxe8+ $11 {keeps the balance.} Qxe8 27. Qc5) 26... Qd7 $17 27. Rxe8+ Qxe8 28. Qxe8+ Nxe8 $15 {[%emt 0:00:04][%mdl 4096] Endgame KBN-KNN} 29. Bf2 Nxc2 30. Bb6 (30. Kf1 $15) 30... Nd6 $17 31. Bxa5 Nc4 32. Bc7 Nxb2 33. a5 {[%emt 0:01:32] [#]} (33. g4 $17 {keeps fighting.}) 33... f5 $1 $19 34. g4 g6 ({Not} 34... fxg4 35. hxg4 hxg4 36. Ne4 $15) 35. Kf2 (35. gxh5 $17 gxh5 36. Kf2) 35... Kf7 ({And not} 35... fxg4 36. hxg4 hxg4 37. Ne4 $15) 36. Kg3 (36. gxf5 $17 gxf5 37. Bb6) 36... hxg4 37. hxg4 Ke6 38. gxf5+ (38. Bb6 {is a better defense.}) 38... gxf5 ({Worse is} 38... Kxf5 39. Ne2 $19) 39. Kh4 Ne3 40. Kg5 $2 (40. Ne2) 40... Nd5 41. Ne2 Nxc7 42. Nd4+ Kd5 43. Nxf5 Ne6+ 44. Kg4 Nd3 45. Ne3+ Kd4 46. Nc2+ Kc3 47. f5 Ne5+ {[%emt 0:00:04] Black mates.} 48. Kg3 Kxc2 49. fxe6 Ng6 50. Kg4 Kb3 51. Kf5 Ne7+ 52. Ke5 Nc8 53. Kd4 {[%emt 0:00:30] Black used his chance.  Weighted Error Value: White=0.74/Black=0.22 (precise)} 0-1

[Event "15th Paleochora Open 2022"]
[Site "Paleochora"]
[Date "2022.07.18"]
[Round "2.17"]
[White "Vlachos, Anatole"]
[Black "Flasik, Radoslav"]
[Result "1-0"]
[ECO "B31"]
[WhiteElo "2433"]
[BlackElo "2121"]
[Annotator "TA"]
[PlyCount "63"]
[EventDate "2022.07.17"]
[EventType "swiss"]
[EventCountry "GRE"]
[SourceTitle "playchess.com"]
[Source "ChessBase"]
[SourceQuality "1"]
[TimeControl "40/5400+30:900+30"]

1. e4 c5 2. Nf3 Nc6 3. Bb5 g6 4. Bxc6 dxc6 5. d3 Bg7 6. h3 e5 7. Be3 Qe7 8. O-O {[%emt 0:01:30] B31: Sicilian: 2...Nc6 3 Bb5 g6.} f6 (8... Nf6 $11) 9. Qd2 $14 b6 10. a3 {[%emt 0:08:26][%cal Ba2a3,Ba3b4][%mdl 32] [#] White is better.} Bb7 $146 ({Predecessor:} 10... Be6 11. b4 f5 12. Qc3 f4 13. Bc1 Nh6 14. bxc5 Qxc5 15. Qxc5 bxc5 16. Ng5 Bd7 {1-0 (46) Hristodorescu,D (2224)-Svarc,R (2000) Calvia 2018}) 11. b4 {[%emt 0:00:57] White is more active.} cxb4 12. axb4 Qc7 {[%emt 0:10:57] [#]} (12... Qf7 $16) 13. Nh2 ({White should try} 13. d4 $1 $18) 13... Ne7 (13... f5 $14) 14. f4 ({Better is} 14. c4 $16) 14... O-O 15. fxe5 Qxe5 16. Nc3 (16. c3 $16) 16... f5 $11 17. d4 Qe6 18. Bh6 Rfd8 $2 (18... Bxh6 $11 {and Black has nothing to worry.} 19. Qxh6 Qc4) 19. Bxg7 $18 Kxg7 20. Rae1 {[%emt 0:07:31] Hoping for exf5.} Qd6 (20... Qd7 $16 {is a better defense.}) 21. Nf3 Rd7 $2 (21... Rf8 $16 {was necessary.}) 22. exf5 Nxf5 23. Ne4 Qd5 24. c3 ({Less strong is} 24. Qg5 Rf8 $16) 24... Re8 $2 {[%emt 0:02:14] [#]} (24... Ba6 {keeps fighting.}) 25. Nf6 $1 Rxe1 26. Nxd5 {[%emt 0:00:09] Pair of Knights!} Rxf1+ 27. Kxf1 Ba6+ 28. Kg1 cxd5 29. Ne5 Rc7 (29... Re7 $142 30. Qa2 Bc4 31. Nxc4 dxc4 32. Qxc4 h5) 30. g4 {[%emt 0:01:49] White is clearly winning.} Nd6 31. Qg5 {[%emt 0:00:19] Inhibits Re7.} Ne8 32. Qd8 {[%emt 0:01:26] Weighted Error Value: White=0.24 (precise) /Black=0.62} 1-0

[Event "15th Paleochora Open 2022"]
[Site "Paleochora"]
[Date "2022.07.18"]
[Round "2.18"]
[White "Demchenko, Svitlana"]
[Black "Barp, Alberto"]
[Result "1-0"]
[ECO "D02"]
[WhiteElo "2122"]
[BlackElo "2423"]
[Annotator "TA"]
[PlyCount "147"]
[EventDate "2022.07.17"]
[EventType "swiss"]
[EventCountry "GRE"]
[SourceTitle "playchess.com"]
[Source "ChessBase"]
[SourceQuality "1"]
[TimeControl "40/5400+30:900+30"]

1. d4 Nf6 2. Nf3 d5 3. Bf4 c5 4. e3 Nc6 5. Nbd2 e6 6. c3 cxd4 {[%emt 0:00:06] 6...Nh5 is setting a new trend.} 7. exd4 {[%emt 0:00:09] D02: 1 d4 d5 2 Nf3 sidelines, including 2...Nf6 3 g3 and 2...Nf6 3 Bf4.} Nh5 8. Be3 Bd6 {[%emt 0:00:14] Inhibits Ne5.} 9. Ne5 {[%emt 0:00:14] The position is equal.} Nf6 10. f4 Qb6 11. Qb3 Ng8 {[%emt 0:00:09] [#]} 12. Bb5 $146 ({Predecessor:} 12. Bd3 Nge7 13. g3 f6 14. Nef3 Bd7 15. O-O O-O 16. Qc2 Nf5 17. Rae1 Rac8 18. Qb1 {1-0 (34) Aronian,L (2772)-Aditya,M (2459) Warsaw 2021}) 12... Nge7 13. c4 dxc4 14. Ndxc4 Qd8 15. Qa4 Bc7 16. O-O O-O 17. Nxc6 bxc6 18. Bxc6 Nxc6 19. Qxc6 Rb8 20. Rf2 Bb7 21. Qa4 Qd5 22. Rc1 Rfc8 23. b3 Qe4 24. Qb4 Bd5 {[%emt 0:08:39] A strong pair of Bishops.} 25. Qe1 h6 26. Qe2 Bd8 27. Qc2 Rc6 28. Qxe4 Bxe4 29. Rff1 Ra6 30. Rf2 Rc6 31. Rff1 Ra6 32. Rf2 f6 33. Nd2 Bd5 34. Nb1 Bb6 35. Nc3 Rd8 (35... Bc6 $11) 36. Na4 $14 Ba5 37. Rfc2 (37. Nc5 $5 Rc6 38. a3 $14) 37... Rad6 38. Nc5 Rc8 39. a3 Re8 40. b4 Bb6 41. a4 a5 42. bxa5 (42. b5 $16) 42... Bxa5 $11 43. Rb2 Ra8 44. Rcb1 Ra7 45. Bd2 Ba8 (45... Bc7 $11 {remains equal.}) 46. Bxa5 $16 Rxa5 47. Rb5 Ra7 48. R5b4 (48. R1b4 {is more complex.} Kf7 49. Rb8 Rd5 50. Rc8) 48... Rc6 (48... g5 $16 {was necessary.}) 49. Rb6 (49. Rb8+ $18 Kf7 50. Rd8) 49... e5 50. fxe5 {[%emt 0:02:13] White is more active.} ({White should play} 50. Rb8+ $16 Kh7 51. f5 (51. fxe5 fxe5 52. Rd8 exd4 $11) 51... exd4 52. Ne6) 50... fxe5 $14 51. Rxc6 Bxc6 52. dxe5 $16 {[%emt 0:00:08][%mdl 4096] Endgame KRB-KRN} Ra5 53. Rc1 Bxa4 54. e6 Be8 55. Nb7 Re5 56. Nd8 Rd5 57. e7 {[%emt 0:01:32] [#] aiming for Rf1.} Rd7 58. Re1 Kh7 59. Re6 Ra7 60. Kf2 g6 61. h4 (61. Re3 $14 {is more appropriate.}) 61... h5 $11 62. Ke3 Kg7 63. g3 Ra3+ 64. Kf4 Ra4+ 65. Ke5 {[%emt 0:01:33] Strongly threatening Nb7.} Ra5+ 66. Kd4 {[%emt 0:00:54] Threatens to win with Nb7.} g5 $2 {[%emt 0:02:12][%mdl 8192] [#] A mistake that costs the game.} (66... Ra1 $11 {and Black is okay.}) 67. Nb7 $1 $18 Ra4+ 68. Ke5 gxh4 69. gxh4 {[%emt 0:00:15] Hoping for Nd6.} Ra1 70. Nd6 Re1+ 71. Kf5 Bd7 $2 (71... Rf1+ 72. Kg5 Rg1+ 73. Kf4 Bd7) 72. e8=Q {[%emt 0:00:33] Intending Qg6+ and mate.} Bxe6+ 73. Qxe6 Rxe6 74. Kxe6 {[%emt 0:00:02] Weighted Error Value: White=0.12 (very precise) /Black=0.12 (very precise)} 1-0